 Dungeon Crawl Stone Soup version 0.21-a0-404-g291f19a (webtiles) character file.

134 Nyarlathotep the Cudgeler (level 4, 0/40 HPs)
             Began as a Minotaur Fighter on Oct 27, 2017.
             Killed from afar by an orc (25 damage)
             ... with an exploding inner flame
             ... hexed by the player character
             ... on level 3 of the Dungeon.
             The game lasted 00:16:14 (2119 turns).

Nyarlathotep the Cudgeler (Minotaur Fighter)        Turns: 2119, Time: 00:16:16

Health: 0/40       AC: 12    Str: 20    XL:     4   Next: 95%
Magic:  3/3        EV:  3    Int:  5    God:
Gold:   130        SH:  9    Dex: 11    Spells: 3/3 levels left

rFire    . . .     SeeInvis .   a - +0 flail
rCold    . . .     Gourm    .   c - +0 shield
rNeg     . . .     Faith    .   q - +1 plate armour
rPois    .         Spirit   .   (helmet restricted)
rElec    .         Reflect  .   (no cloak)
rCorr    .         Harm     .   (no gloves)
MR       +....                  (no boots)
Stlth    ..........             (no amulet)
HPRegen  0.13/turn              h - ring of protection from magic
MPRegen  0.08/turn              (no ring)

@: no status effects
A: retaliatory headbutt, horns 2
a: no special abilities


You were on level 3 of the Dungeon.
You were not hungry.

You visited 1 branch of the dungeon, and saw 4 of its levels.

You collected 130 gold pieces.

Inventory:

Hand Weapons
 a - a +0 flail (weapon)
Missiles
 j - 11 poisoned needles (quivered)
Armour
 c - a +0 shield (worn)
 q - a +1 plate armour (worn)
 u - a +0 plate armour
Jewellery
 h - a ring of protection from magic (left hand)
Scrolls
 e - a scroll of enchant armour
 n - 2 scrolls of teleportation
 o - 3 scrolls of identify
 s - a scroll of magic mapping {unknown}
 w - a scroll of amnesia
Potions
 d - a potion of might
 g - a potion of heal wounds {unknown}
 i - a potion of ambrosia
 k - a potion of haste {unknown}
 l - 2 potions of resistance {unknown}
 m - 2 potions of magic {unknown}
 p - a potion of brilliance {unknown}
 t - a potion of agility {unknown}
 v - a potion of curing {unknown}
Comestibles
 b - 3 meat rations
 f - 2 bread rations


   Skills:
 - Level 3.6 Fighting
 + Level 6.1 Maces & Flails
 - Level 3.7 Armour
 - Level 3.7 Shields


You had 3 spell levels left.
You didn't know any spells.

Dungeon Overview and Level Annotations

Branches:
Dungeon (4/15)
 Temple: D:4-7

Altars:

Annotations:
D:4 Rhok's ghost, amateur CeVM


Innate Abilities, Weirdness & Mutations

You reflexively headbutt those who attack you in melee.
You have a pair of horns on your head.


Message History

You hear some strange, mumbled words.
A puff of flame appears from out of thin air!
The puff of flame hits you! You block the orc's attack.
Rhok's ghost (amateur Centaur Venom Mage) comes into view.
Rhok's ghost turns its malevolent gaze towards you.
The leopard gecko bites you but does no damage.
The leopard gecko bites you but does no damage.
The howler monkey hoots and howls with incredible vigour!
You hear a bark!
You hear an angry hiss.
The leopard gecko bites you but does no damage.
There is a stone staircase leading up here.
The leopard gecko bites you but does no damage.
You climb upwards.
There is a stone staircase leading down here.
You sock the orc!
The orc explodes!
The fiery explosion engulfs you!
Ouch! That really hurt!
You die...

#.......# #.# #.#######
#.##### #.....# #.#...#
#### #####.# #.#.#.#
...# #.# #.#.#.#
##.########.# #.#.#.#
.#.##.......######.#.#.#
.#.##.#.......§.§....#.#
.#.##.#...[...§)@l...#.#
.#.##.#.......§§§#...#.#
.#.##.#..........###.#.#
......#########..###...#
######......###..#...###
...#.#.####.#....#.###
.#.#......#.#>####.#
.#.#.#.##........#.#
)....#.####.#.#....#


You could see a leopard gecko.

Vanquished Creatures
  3 gnolls
  4 adders
  A dart slug (D:2)
  2 worms (D:3)
  4 leopard geckos
  An orc (D:4)
  2 ball pythons
  3 giant cockroaches
  6 goblins
  6 hobgoblins (D:1)
  4 jackals (D:1)
  A quokka (D:3)
  6 bats
  4 frilled lizards
  3 kobolds (D:1)
  7 rats
57 creatures vanquished.

Notes
Turn   | Place    | Note
-------+----------+-------------------------------------------
     0 | D:1      | Nyarlathotep the Minotaur Fighter began the quest for the Orb.
     0 | D:1      | Reached XP level 1. HP: 19/19 MP: 0/0
   138 | D:1      | Reached skill level 3 in Maces & Flails
   159 | D:1      | Reached XP level 2. HP: 22/27 MP: 1/1
   413 | D:1      | Reached skill level 4 in Maces & Flails
   415 | D:1      | Reached XP level 3. HP: 30/33 MP: 2/2
  1236 | D:3      | Reached skill level 5 in Maces & Flails
  1236 | D:3      | Reached XP level 4. HP: 38/40 MP: 3/3
  1789 | D:3      | Reached skill level 6 in Maces & Flails
  2111 | D:4      | Noticed Rhok's ghost (amateur CeVM)
  2119 | D:3      | Killed from afar by an orc

Vault maps used:
D:1:      minmay_arrival_widening_spiral_wide, minmay_split_cup_small
D:2:      first_bread
D:4:      eat_drink_and_be_merry_uskayaw,
          hangedman_abyss_or_decor_jellyfish_corner

Skill      XL: |  1  2  3  4 |
---------------+-------------+-----
Maces & Flails | 3 4 5 6 |  6.1
Fighting       | |  3.6
Armour         | |  3.7
Shields        | |  3.7

Action                   |  1- 3 |  4- 6 || total
-------------------------+-------+-------++-------
Melee: Flail             |   108 |    87 ||   195
       Headbutt          |    14 |    10 ||    24
  Use: Scroll            |     4 |     4 ||     8
  Eat: Chunk             |     1 |     3 ||     4
Armor: Scale mail        |    40 |       ||    40
       Plate armour      |    30 |    73 ||   103
Dodge: Dodged            |    22 |     6 ||    28
Block: Shield            |    55 |    40 ||    95

Table legend:
 A = Spawn XP
 B = Non-spawn XP
 C = Spawn XP percentage of total XP
 D = Spawn monster count
 E = Non-spawn monster count
 F = Spawn count percentage of total count
 G = Total turns spent on level
                    A         B        C        D         E        F      G
               +---------+---------+-------+---------+---------+-------+---------
         Total |       0 |     192 |   0.0 |       0 |      57 |   0.0 |  2119
               +---------+---------+-------+---------+---------+-------+---------
           D:1 |       0 |      49 |   0.0 |       0 |      27 |   0.0 |   879
           D:2 |       0 |      76 |   0.0 |       0 |      16 |   0.0 |   511
           D:3 |       0 |      64 |   0.0 |       0 |      13 |   0.0 |   622
           D:4 |       0 |       3 |   0.0 |       0 |       1 |   0.0 |   107
               +---------+---------+-------+---------+---------+-------+---------
